Map: Simulacrum LE

Players

ROMERMARIN - Winner!

  • Race: Protoss Protoss
  • League: Silver
  • Spawn Location: 5:00

Ratl

  • Race: Protoss Protoss
  • League: Silver
  • Spawn Location: 11:00

VOD

Have the link to the VOD?

Description

Time

  • Played on: Feb. 11, 2020, 5:30 p.m.
  • Length: 9:28
Show
View Real Time Build Order
Export as new Build Order

ROMERMARIN Protoss - Winner!

Build Orders:  

Get SALT Encoding   

  12  0:02  Probe (Chrono Boost)  
  13  0:11  Probe (Chrono Boost)  
  14  0:16  Probe (Chrono Boost)  
  15  0:29  Pylon  
  15  0:40  Assimilator  
  15  0:47  Probe  
  16  0:56  Gateway  
  16  0:58  Forge  
  16  1:03  Probe (Chrono Boost)  
  17  1:15  Probe (Chrono Boost)  
  17  1:17  Assimilator  
  18  1:23  Probe (Chrono Boost), Pylon  
  19  1:46  Cybernetics Core  
  19  2:03  Probe  
  20  2:15  Probe (Chrono Boost)  
  21  2:23  Warp Gate  
  21  2:25  Probe (Chrono Boost)  
  21  2:26  Stalker  
  24  2:30  Probe (Chrono Boost)  
  24  2:31  Nexus  
  25  2:43  Probe  
  26  2:53  Robotics Facility  
  26  3:02  Twilight Council  
  26  3:05  Probe  
  27  3:06  Stalker  
  29  3:17  Probe  
  30  3:29  Probe (Chrono Boost)  
  31  3:40  Pylon  
  31  3:41  Probe (Chrono Boost)  
  31  3:42  Stalker  
  31  3:43  Pylon  
  31  3:48  Pylon  
  34  3:54  Pylon  
  34  3:58  Assimilator  
  34  4:01  Probe (Chrono Boost)  
  35  4:07  Protoss Ground Weapons Level 1  
  36  4:11  Probe (Chrono Boost)  
  36  4:13  Observer  
  36  4:15  Blink  
  36  4:16  Probe (Chrono Boost)  
  38  4:28  Stalker  
  38  4:30  Probe  
  41  4:35  Gateway  
  41  4:40  Gateway  
  41  4:43  Probe  
  42  4:52  Assimilator  
  42  4:55  Probe (Chrono Boost)  
  42  4:59  Immortal  
  47  5:05  Probe (Chrono Boost)  
  47  5:06  Probe (Chrono Boost)  
  49  5:08  Pylon  
  49  5:09  Probe (Chrono Boost)  
  49  5:12  Pylon  
  50  5:20  Pylon  
  50  5:28  Robotics Facility  
  50  5:30  Pylon  
  50  5:34  Probe  
  51  5:36  Probe  
  52  5:46  Probe, Immortal  
  52  5:48  Probe  
  58  5:50  Stalker  
  58  5:56  Stalker  
  62  5:58  Probe  
  62  6:00  Probe  
  62  6:01  Stalker  
  66  6:25  Warp Prism  
  68  6:33  Immortal  
  72  6:47  Gateway  
  72  6:49  Protoss Shields Level 1  
  72  6:50  Gateway  
  72  6:54  Pylon  
  72  6:56  Probe  
  73  7:03  Immortal  
  77  7:13  Immortal  
  81  7:19  Stalker  
  81  7:20  Stalker  
  81  7:22  Stalker  
  87  7:29  Charge  
  87  7:31  Probe  
  88  7:42  Observer  
  89  7:48  Stalker x4  
  89  7:49  Stalker  
  99  7:52  Immortal  
  87  8:23  Stalker x3  
  87  8:24  Stalker x2  
  93  8:34  Immortal  
  93  8:35  Immortal  
  101  8:49  Stalker x3  
  101  8:50  Stalker x2  
Show
View Real Time Build Order
Export as new Build Order

Ratl Protoss 

Build Orders:  

Get SALT Encoding   

  12  0:01  Probe  
  13  0:13  Probe  
  14  0:19  Pylon  
  14  0:25  Probe  
  15  0:38  Gateway  
  15  0:39  Probe (Chrono Boost)  
  16  0:44  Assimilator  
  16  0:51  Probe (Chrono Boost)  
  17  0:58  Probe  
  18  1:10  Probe  
  19  1:12  Assimilator  
  19  1:22  Probe  
  20  1:30  Cybernetics Core  
  20  1:34  Probe  
  20  1:38  Gateway  
  21  1:46  Probe  
  22  1:58  Probe  
  23  2:08  Pylon  
  23  2:15  Pylon  
  23  2:16  Warp Gate  
  23  2:26  Probe (Chrono Boost), Stalker x2  
  28  2:38  Probe (Chrono Boost)  
  29  2:47  Probe (Chrono Boost)  
  30  2:53  Probe, Nexus  
  31  3:05  Probe  
  32  3:15  Pylon  
  32  3:16  Stalker  
  32  3:17  Probe (Chrono Boost)  
  35  3:22  Stalker  
  37  3:29  Probe (Chrono Boost)  
  38  3:35  Probe (Chrono Boost)  
  39  3:43  Probe  
  40  3:50  Stalker  
  42  3:56  Probe (Chrono Boost)  
  43  4:07  Probe (Chrono Boost)  
  43  4:08  Probe (Chrono Boost)  
  45  4:11  Stalker  
  45  4:16  Probe (Chrono Boost), Pylon  
  48  4:19  Robotics Facility  
  48  4:20  Probe (Chrono Boost)  
  48  4:21  Probe (Chrono Boost)  
  48  4:22  Gateway  
  50  4:30  Probe  
  51  4:32  Probe  
  51  4:34  Stalker  
  51  4:36  Stalker  
  56  4:42  Probe  
  56  4:44  Probe  
  58  4:54  Probe  
  58  4:56  Probe  
  58  4:59  Assimilator  
  60  5:00  Nexus  
  60  5:06  Probe  
  61  5:07  Stalker  
  61  5:09  Probe  
  61  5:13  Observer  
  65  5:18  Probe  
  65  5:21  Probe  
  67  5:28  Pylon  
  67  5:30  Probe  
  67  5:33  Probe  
  69  5:38  Assimilator  
  69  5:42  Probe  
  70  5:46  Probe  
  70  5:47  Pylon  
  71  5:56  Probe (Chrono Boost)  
  72  5:57  Gateway, Pylon  
  72  5:58  Gateway, Pylon  
  72  6:00  Gateway  
  72  6:03  Probe (Chrono Boost), Gateway  
  73  6:07  Probe (Chrono Boost), Gateway  
  74  6:12  Probe (Chrono Boost)  
  74  6:13  Probe x2 (Chrono Boost)  
  77  6:22  Probe  
  77  6:25  Probe x2  
  79  6:30  Stalker x3  
  79  6:32  Immortal  
  90  6:35  Probe  
  90  6:37  Probe  
  90  6:38  Probe  
  93  6:46  Nexus  
  94  6:48  Probe (Chrono Boost)  
  94  6:53  Probe x2 (Chrono Boost)  
  96  6:55  Assimilator  
  96  7:00  Probe (Chrono Boost)  
  96  7:01  Assimilator  
  97  7:03  Probe x2 (Chrono Boost)  
  97  7:06  Twilight Council  
  99  7:10  Probe  
  99  7:11  Probe, Forge  
  99  7:12  Probe  
  99  7:13  Forge  
  99  7:15  Forge  
  103  7:22  Probe  
  103  7:23  Probe  
  103  7:24  Probe  
  103  7:28  Stalker x3  
  103  7:29  Stalker  
  113  7:34  Probe  
  113  7:35  Probe  
  113  7:36  Probe  
  116  7:44  Pylon  
  116  7:47  Probe, Pylon  
  117  7:57  Probe x2  
  119  8:02  Probe  
  113  8:07  Probe, Photon Cannon  
  113  8:10  Probe x2, Photon Cannon  
  113  8:12  Pylon  
  96  8:14  Probe, Assimilator  
  96  8:18  Assimilator  
  96  8:19  Probe, Stalker x2  
  92  8:20  Stalker  
  92  8:22  Probe  
  92  8:23  Nexus  
  92  8:26  Probe, Stalker x3  
  96  8:33  Stalker x2  
  99  8:44  Stalker x3  
  105  9:02  Probe  
  106  9:03  Probe x2  
  106  9:05  Stalker x4  
  106  9:06  Stalker  
  118  9:14  Probe  
  115  9:20  Stalker x3  
Tags
 
Matchup
PvP
Spawn Locations
Cross Positions
Add a new tag
Caveats
  • Supply blocks, unpowered buildings, or Contaminate may cause inaccurate times.
  • Supply counts are checked every 10 seconds.